 Dungeon Crawl Stone Soup version 0.24.0-10-g970556be89 (webtiles) character file.

Game seed: 15031401744684365318, levelgen mode: deterministic

211 Delamore the Chopper (level 5, -11/47 HPs)
             Began as a Hill Orc Monk on Nov 4, 2019.
             Mangled by an ogre
             ... wielding a cursed -1 giant club
              (18 damage)
             ... on level 2 of the Dungeon.
             The game lasted 00:03:32 (1718 turns).

Delamore the Chopper (Hill Orc Monk)                Turns: 1718, Time: 00:03:33

Health: -11/47     AC:  5    Str: 15    XL:     5   Next: 88%
Magic:  5/5        EV:  9    Int: 10    God:
Gold:   92         SH:  8    Dex: 13    Spells: 4/4 levels left

rFire    . . .     SeeInvis .   a - +0 hand axe
rCold    . . .     Gourm    .   q - +0 shield
rNeg     . . .     Faith    .   l - +0 ring mail
rPois    .         Spirit   .   (no helmet)
rElec    .         Reflect  .   (no cloak)
rCorr    .         Harm     .   (no gloves)
MR       .....                  (no boots)
Stlth    +.........             (no amulet)
HPRegen  0.15/turn              (no ring)
MPRegen  0.09/turn              (no ring)

@: very slightly contaminated, invisible
A: no striking features
a: no special abilities


You were on level 2 of the Dungeon.
You were not hungry.

You visited 1 branch of the dungeon, and saw 2 of its levels.

You collected 92 gold pieces.

Inventory:

Hand Weapons
 a - a +0 hand axe (weapon)
Armour
 l - a +0 ring mail (worn)
 q - a +0 shield (worn)
Scrolls
 d - 2 scrolls of amnesia {unknown}
 f - a scroll of enchant armour {unknown}
 i - a scroll of blinking {unknown}
 m - a scroll of teleportation {unknown}
 n - a scroll of random uselessness {unknown}
 p - a scroll of identify {unknown}
Potions
 b - a potion of flight {unknown}
 e - a potion of degeneration {unknown}
 h - a potion of curing {unknown}
 j - a potion of lignification {unknown}
 k - a potion of heal wounds {unknown}
Comestibles
 c - 4 rations
 o - a chunk of flesh


   Skills:
 + Level 4.8 Fighting
 + Level 6.4 Axes
 * Level 2.4 Armour
 - Level 2.4 Dodging
 - Level 1.5 Stealth
 * Level 1.5 Shields


You had 4 spell levels left.
You didn't know any spells.
Your spell library was empty.

Dungeon Overview and Level Annotations

Branches:
Dungeon (2/15)

Altars:
Elyvilon


Message History

The ogre closely misses you.
Your shield and ring mail prevent you from hitting the ogre.
The ogre is moderately wounded.
The ogre hits you with a cursed -1 giant club!!
* * * LOW HITPOINT WARNING * * *
It was a potion of invisibility.
You fade into invisibility!
The ogre barely misses you.
You are very lightly contaminated with residual magic.
The ogre closely misses you.
You hit the ogre but do no damage.
The ogre is moderately wounded.
You block the ogre's attack.
You hit the ogre.
The ogre is heavily wounded.
You block the ogre's attack.
You hit the ogre but do no damage.
The ogre is heavily wounded.
The ogre hits you with a cursed -1 giant club!!
You die...

#.#######.#.########.##
..........#.# #......#
#.#.......#.# #......#
#.#.#####.#.# #......##
#.#.# #.#.####.....)..
#.#.#####.#....#......##
........................
#.#.#####.#.....O#
#.#.......#....#@#
#.#########....#.#
........###....#..#
........#......##.#
........#......# .#
#.#######...#### ..
#.#######...# #..
........+...# ..
......###..[# ...


You could see an ogre.

Vanquished Creatures
  Sigmund (D:2)
  A gnoll (D:1)
  An ooze (D:1)
  A dart slug (D:1)
  A ball python (D:1)
  3 giant cockroaches
  2 hobgoblins (D:1)
  8 jackals
  5 kobolds (D:1)
  A quokka (D:2)
  2 bats (D:1)
  A frilled lizard (D:1)
  6 goblins
  6 rats (D:1)
39 creatures vanquished.

Notes
Turn   | Place    | Note
-------+----------+-------------------------------------------
     0 | D:1      | Delamore the Hill Orc Monk began the quest for the Orb.
     0 | D:1      | Reached XP level 1. HP: 19/19 MP: 1/1
    75 | D:1      | Reached XP level 2. HP: 6/27 MP: 2/2
   271 | D:1      | Reached skill level 1 in Armour
   271 | D:1      | Reached XP level 3. HP: 15/33 MP: 3/3
   924 | D:1      | Reached skill level 5 in Axes
  1329 | D:2      | Found a white marble altar of Elyvilon.
  1452 | D:2      | Noticed Sigmund
  1475 | D:2      | Killed Sigmund
  1475 | D:2      | Reached skill level 6 in Axes
  1475 | D:2      | Reached skill level 1 in Shields
  1475 | D:2      | Reached XP level 4. HP: 26/41 MP: 4/4
  1475 | D:2      | Reached XP level 5. HP: 30/47 MP: 5/5
  1705 | D:2      | Noticed an ogre
  1718 | D:2      | Mangled by an ogre

Levels and vault maps discovered:
D:1:      kennysheep_arrival_forest, layout_loops_cross,
          minmay_misc_feat_plants, minmay_liquid_box, minmay_tromino_v2
D:2:      layout_basic, grunt_qazlal_clouds, first_ration, elyvilon_altar_5,
          uniq_sigmund

Skill      XL: |  1  2  3 |
---------------+----------+-----
Fighting       | 4 |  4.8
Armour         | 1 2 |  2.4
Axes           | 6 |  6.4
Shields        | 1 |  1.5
Dodging        | |  2.4
Stealth        | |  1.5

Action                   |  1- 3 |  4- 6 || total
-------------------------+-------+-------++-------
Melee: Hand axe          |   118 |    12 ||   130
  Use: Potion            |       |     1 ||     1
 Stab: Sleeping          |     2 |       ||     2
       Distracted        |     1 |       ||     1
  Eat: Chunk             |     2 |     1 ||     3
Armor: Robe              |    10 |       ||    10
       Leather armour    |     3 |       ||     3
       Ring mail         |     2 |     2 ||     4
Dodge: Dodged            |    61 |     6 ||    67
Block: Shield            |     8 |     4 ||    12
